 Seeded DCSS version 0.31-a0-774-g0d66cbabe8 (webtiles) character file.

Game seed: 10 (custom seed)

296 Psyclone the Magician (level 6, -10/32 HPs)
             Began as a Deep Elf Conjurer on Sept 17, 2023.
             Mangled by randomguy2701's ghost (12 damage)
             ... on level 3 of the Dungeon.
             The game lasted 00:04:43 (2231 turns).

Psyclone the Magician (Deep Elf Conjurer)           Turns: 2231, Time: 00:04:44

Health: -10/32     AC:  6    Str:  4    XL:     6   Next: 12%
Magic:  10/18      EV: 12    Int: 25    God:
Gold:   39         SH:  0    Dex: 16    Spells: 13/19 levels left

rFire   . . .        d - +0 dagger
rCold   . . .        (no shield)
rNeg    . . .        h - +1 robe "Quyfay" {Dex+3 Stlth+ Archmagi}
rPois   .            (no helmet)
rElec   .            n - +0 cloak
rCorr   .            a - +0 pair of gloves
SInv    .            l - +0 pair of boots
Will    .....        (no amulet)
Stlth   +++          e - ring of flight
HPRegen 0.25/turn    (no ring)
MPRegen 0.16/turn

%: archmagi
@: flying
A: no striking features
a: no special abilities


You were on level 3 of the Dungeon.
You visited 1 branch of the dungeon, and saw 3 of its levels.

You collected 39 gold pieces.

Inventory:

Hand Weapons
 d - a +0 dagger (weapon)
Armour
 a - a +0 pair of gloves (worn)
 h - the +1 robe "Quyfay" (worn) {Dex+3 Stlth+ Archmagi}
   (You found it on level 2 of the Dungeon)

   Dex+3:     It affects your dexterity (+3).
   Stlth+:    It makes you more stealthy.
   Archmagi:  It increases the power of your magical spells.
 l - a +0 pair of boots (worn)
 n - a +0 cloak (worn)
Jewellery
 e - a ring of flight (left hand)
Scrolls
 c - 7 scrolls of identify {unknown}
 f - 2 scrolls of poison {unknown}
 i - a scroll of enchant weapon {unknown}
Potions
 b - a potion of magic
 g - a potion of heal wounds {unknown}
 j - a potion of curing {unknown}
 k - a potion of ambrosia {unknown}
 m - a potion of resistance {unknown}


   Skills:
 - Level 2.4 Dodging
 - Level 2.4 Stealth
 * Level 7.3 Spellcasting
 + Level 5.9 Conjurations


You had 13 spell levels left.
You knew the following spells:

 Your Spells              Type           Power      Damage    Failure   Level
a - Magic Dart            Conj           100%       1d8       1%          1
b - Searing Ray           Conj           100%       2d8       1%          2
c - Dazzling Flash        Conj/Hex       70%        N/A       6%          3

Your spell library contained the following spells:

 Spells                   Type           Power      Damage    Failure   Level
 Fulminant Prism          Conj/Hex       17%        3d10      19%         4
 Iskenderun's Mystic Bla  Conj/Tloc      35%        2d8       19%         4


Dungeon Overview and Level Annotations

Branches:
Dungeon (3/15) Zot: 15769

Altars:

Annotations:
D:3 randomguy2701's ghost, amateur GnFi


Message History

The searing ray hits the iguana but does no damage.
The searing ray hits randomguy2701's ghost but does no damage. (Press . to maintain the ray.)
The iguana misses you.
You now have 16/18 mp.
The searing ray hits the iguana!
The iguana is heavily wounded.
The searing ray hits randomguy2701's ghost.
Randomguy2701's ghost is lightly damaged.
The iguana bites you!
You take 12 damage, and have 20/32 hp.
MASSIVE DAMAGE!!
You now have 15/18 mp.
The searing ray misses the iguana.
The searing ray hits randomguy2701's ghost.
Randomguy2701's ghost is lightly damaged.
The iguana closely misses you.
You now have 14/18 mp.
The searing ray hits the iguana!
You kill the iguana!
The searing ray misses randomguy2701's ghost.
You finish channelling your searing ray.
You now have 13/18 mp.
Casting: Searing Ray (safe; 1% risk of failure)
Confirm with . or Enter, or press ? or * to list all spells.
Aiming: Searing Ray (safe; 1% risk of failure)
Press: ? - help, Shift-Dir - straight line, f - randomguy2701's ghost
Aim: randomguy2701's ghost (black smoke, lightly damaged, 74% to hit)
You feel a surge of power!
The searing ray hits randomguy2701's ghost!
Randomguy2701's ghost is moderately damaged. (Press . to maintain the ray.) Randomguy2701's ghost hits you.
You take 5 damage, and have 15/32 hp.
You now have 11/18 mp.
The searing ray misses randomguy2701's ghost.
Randomguy2701's ghost hits you!
* * * LOW HITPOINT WARNING * * *
You take 13 damage, and have 2/32 hp.
MASSIVE DAMAGE!!
You now have 10/18 mp.
The searing ray hits randomguy2701's ghost.
Randomguy2701's ghost is moderately damaged.
Randomguy2701's ghost hits you!
You die...

......
#####.......#
#§§§#.......#.
#§§§#.......... ##
#§§§#..........
#..##W##.#........
#....@...#.......
#................
#............#####
#................#
##..........<###.
#...........#
#......[....#
#............#
####.........#


You could see randomguy2701's ghost.

Vanquished Creatures
  Sigmund (D:2)
  Crazy Yiuf (D:2)
  Jessica (D:2)
  An iguana (D:3)
  An adder (D:2)
  A worm (D:2)
  A dart slug (D:2)
  7 endoplasms
  2 giant cockroaches (D:1)
  6 goblins
  6 hobgoblins
  2 quokkas
  2 ball pythons (D:2)
  5 bats
  2 frilled lizards
  3 kobolds (D:1)
  2 rats (D:2)
44 creatures vanquished.

Notes
Turn   | Place    | Note
-------+----------+-------------------------------------------
     0 | D:1      | Psyclone the Deep Elf Conjurer began the quest for the Orb.
     0 | D:1      | Reached XP level 1. HP: 10/10 MP: 6/6
   173 | D:1      | You are sucked into a shaft and drop 1 floor!
   242 | D:2      | Reached XP level 2. HP: 15/15 MP: 0/8
   357 | D:2      | Found a faded altar of an unknown god.
   364 | D:2      | Identified the +1 robe "Quyfay" {Dex+3 Stlth+ Archmagi}
   452 | D:1      | Reached skill level 4 in Spellcasting
   545 | D:1      | Learned a level 2 spell: Searing Ray
   960 | D:1      | Reached XP level 3. HP: 19/19 MP: 7/10
  1208 | D:1      | Learned a level 3 spell: Dazzling Flash
  1344 | D:2      | Noticed Sigmund
  1348 | D:2      | Killed Sigmund
  1349 | D:2      | Reached skill level 6 in Spellcasting
  1349 | D:2      | Reached skill level 5 in Conjurations
  1349 | D:2      | Reached XP level 4. HP: 24/24 MP: 4/14
  1349 | D:2      | Reached XP level 5. HP: 28/28 MP: 4/16
  2049 | D:2      | Noticed Jessica
  2055 | D:2      | Killed Jessica
  2080 | D:2      | Identified the +6 scale mail of Hadjma {rPois}
  2138 | D:2      | Found a runed translucent door.
  2139 | D:2      | Noticed Crazy Yiuf
  2145 | D:2      | Killed Crazy Yiuf
  2146 | D:2      | Reached skill level 7 in Spellcasting
  2146 | D:2      | Reached XP level 6. HP: 32/32 MP: 13/18
  2216 | D:3      | Found a runed translucent door.
  2217 | D:3      | Noticed randomguy2701's ghost (amateur GnFi)
  2231 | D:3      | Mangled by randomguy2701's ghost

Illustrated notes

Levels and vault maps discovered:
D:1:      dpeg_arrival_orchard, layout_basic
D:2:      layout_basic, nicolae_ecumenical_oubliette, minmay_fountain_box,
          reono_crystal_passage, grunt_decor_mini_mirrors, minmay_misc_feat_chi,
          uniq_jessica, uniq_sigmund, uniq_crazy_yiuf_cottage
D:3:      layout_basic, nicolae_elyvilon_peaceful_grove,
          ebering_ghost_inner_flame

Skill      XL: |  1  2  3  4  5 |
---------------+----------------+-----
Spellcasting   | 4 6 7 |  7.3
Conjurations   | 5 |  5.9
Dodging        | |  2.4
Stealth        | |  2.4

Action                     |  1- 3 |  4- 6 || total
---------------------------+-------+-------++-------
  Melee: Dagger            |     6 |       ||     6
   Cast: Magic Dart        |    52 |    18 ||    70
         Searing Ray       |     3 |     5 ||     8
   Stab: Sleeping          |     2 |       ||     2
 Armour: Robe              |     6 |     4 ||    10
  Dodge: Dodged            |    17 |     4 ||    21

Table legend: (Time is in decaauts)
 A = Elapsed time spent in this place.
 B = Non-inter-level travel time spent in this place.
 C = Inter-level travel time spent in this place.
 D = Time resting spent in this place.
 E = Time spent auto-exploring this place.
 F = Levels seen in this place.
 G = Mean time per level.
                   A        B        C        D        E       F      G
               +--------+--------+--------+--------+--------+-----+--------+
         Total |   2229 |   2181 |     48 |     41 |   1849 |   3 |  743.0 |
       Dungeon |   2229 |   2181 |     48 |     41 |   1849 |   3 |  743.0 |
               +--------+--------+--------+--------+--------+-----+--------+

Top non-repeatable levels by time:
     D:2: 1212 daAuts
     D:1: 1002 daAuts
     D:3: 14 daAuts
